 Dungeon Crawl Stone Soup version 0.31-a0-150-g89dc3ad700 (webtiles) character file.

Game seed: 4678302946452713653

27 qw the Shooter (level 2, -3/26 HPs)
             Began as a Minotaur Hunter on June 8, 2023.
             Slain by Sigmund
             ... wielding a +0 scythe
              (6 damage)
             ... on level 2 of the Dungeon.
             The game lasted 00:00:19 (719 turns).

qw the Shooter (Minotaur Hunter)                     Turns: 719, Time: 00:00:19

Health: -3/26      AC:  5    Str: 15    XL:     2   Next: 93%
Magic:  1/1        EV: 11    Int:  6    God:
Gold:   91         SH:  0    Dex: 13    Spells: 1/1 levels left

rFire   . . .        Y - +0 shortbow
rCold   . . .        (shield currently unavailable)
rNeg    . . .        g - +0 ring mail
rPois   .            (helmet restricted)
rElec   .            (no cloak)
rCorr   .            (no gloves)
SInv    .            (no boots)
Will    .....        (no amulet) Stlth
                     (no ring)
HPRegen 0.24/turn    (no ring)
MPRegen 0.07/turn

%: no passive effects
@: confused
A: horns 2, retaliatory headbutt
a: no special abilities


You were on level 2 of the Dungeon.
You visited 1 branch of the dungeon, and saw 2 of its levels.

You collected 91 gold pieces.


Innate Abilities, Weirdness & Mutations

You have a pair of horns on your head.
You reflexively headbutt those who attack you in melee.


   Skills:
 - Level 3.0 Fighting
 + Level 5.0 Ranged Weapons
 - Level 1.0 Armour
 - Level 2.1 Dodging
 - Level 0.7 Stealth


You had one spell level left.
You didn't know any spells.
Your spell library was empty.

Inventory:

Hand Weapons
 Y - a +0 shortbow (weapon)
Armour
 g - a +0 ring mail (worn)
Potions
 e - a potion of lignification {unknown}
 f - a potion of degeneration {unknown}

Dungeon Overview and Level Annotations

Branches:
Dungeon (2/15)

Altars:

Annotations:
D:2 Sigmund


Message History

You are confused.
There is a stone staircase leading up, spattered with blood here.
704 ||| STAIRDANCE Sigmund closely misses you.
You climb upwards.
There is a stone staircase leading down here.
You feel less confused.
Done exploring.
(D) Dungeon
Where to? (* - list waypoints, Enter - D:2, ? - help)
What level of the Dungeon? (default 1, ? - help)
You climb downwards.
Level annotation: Sigmund
There is a stone staircase leading up, spattered with blood here.
Sigmund is nearby!
You shoot an arrow. The arrow hits Sigmund.
Sigmund is moderately wounded.
Sigmund gestures wildly while chanting.
Sigmund flickers and vanishes!
Deactivating autopickup; reactivate with Ctrl-A.
You shoot an arrow.
You hear some strange, mumbled words.
You are confused.
715 ||| STAIRDANCE Something hits you.
In your confused state, you trip and fall back down the stairs.
You hear some strange, mumbled words.
A puff of flame appears from out of thin air!
The puff of flame misses you.
717 ||| STAIRDANCE You hear some strange, mumbled words.
A puff of flame appears from out of thin air!
The puff of flame hits you!
In your confused state, you trip and fall back down the stairs.
You hear some strange, mumbled words.
A puff of flame appears from out of thin air!
The puff of flame hits you.
719 ||| STAIRDANCE Something hits you.
You die...

# .#
########.#
#........###
#..{........
#........#
#@#
#........
%........
......[...
....<..>...
#######.....
#[... ....


There were no monsters in sight!

Vanquished Creatures
  An adder (D:1)
  A worm (D:1)
  A dart slug (D:1)
  2 endoplasms (D:1)
  A kobold (D:1)
  2 quokkas
  2 bats (D:1)
  A frilled lizard (D:1)
  4 rats (D:1)
15 creatures vanquished.

Notes
Turn   | Place    | Note
-------+----------+-------------------------------------------
     0 | D:1      | qw the Minotaur Hunter began the quest for the Orb.
     0 | D:1      | Reached XP level 1. HP: 18/18 MP: 0/0
     0 | D:1      | 0 ||| qw: Version: 0.2-a-119-g7aa9181
     0 | D:1      | 0 ||| qw: Game counter: 2805
     0 | D:1      | 0 ||| qw: Always use a shield: true
     0 | D:1      | 0 ||| qw: God list: Okawaru
     0 | D:1      | 0 ||| qw: Allow faded altars: false
     0 | D:1      | 0 ||| qw: Do Orc after D:15 true
     0 | D:1      | 0 ||| qw: Do second Lair branch before Depths: true
     0 | D:1      | 0 ||| qw: Lair rune preference: random
     0 | D:1      | 0 ||| qw: Plans: Normal
     0 | D:1      | 0 ||| PLANNING D:1-11
   231 | D:1      | Reached XP level 2. HP: 25/25 MP: 1/1
   282 | D:1      | Reached skill level 5 in Ranged Weapons
   364 | D:1      | 364 ||| UPGRADING to +0 ring mail.
   374 | D:1      | 374 ||| DROPPING +0 leather armour.
   375 | D:1      | 375 ||| READING scroll labelled CAMITH XIARAGG.
   376 | D:1      | 376 ||| READING scroll labelled YBYORAOBUE.
   377 | D:1      | 377 ||| DROPPING scroll of butterflies.
   401 | D:2      | Noticed Sigmund
   406 | D:2      | 406 ||| STAIRDANCE
   409 | D:1      | Reached skill level 1 in Armour
   423 | D:1      | Reached skill level 3 in Fighting
   427 | D:1      | HP: 6/26 [poisoned by an adder]
   515 | D:2      | 515 ||| STAIRDANCE
   544 | D:2      | 544 ||| STAIRDANCE
   606 | D:2      | 606 ||| STAIRDANCE
   643 | D:2      | 643 ||| STAIRDANCE
   665 | D:2      | 665 ||| STAIRDANCE
   704 | D:2      | 704 ||| STAIRDANCE
   715 | D:2      | 715 ||| STAIRDANCE
   717 | D:2      | 717 ||| STAIRDANCE
   718 | D:2      | HP: 3/26 [something/puff of flame (5)]
   719 | D:2      | 719 ||| STAIRDANCE
   719 | D:2      | Slain by Sigmund

Levels and vault maps discovered:
D:1:      lemuel_arrival_hallway, layout_rooms
D:2:      layout_rooms, uniq_sigmund

Skill      XL: |  1  2 |
---------------+-------+-----
Ranged Weapons | 5 |  5.0
Armour         | 1 |  1.0
Fighting       | 3 |  3.0
Dodging        | |  2.1
Stealth        | |  0.7

Action                     || total
---------------------------++-------
   Fire: Shortbow          ||    54
    Use: Scroll            ||     2
 Armour: Ring mail         ||    12
  Dodge: Dodged            ||    16

Table legend:
 A = Non-vault XP
 B = Vault XP
 C = Vault XP percentage of total XP
 D = Non-vault monster count
 E = Vault monster count
 F = Vault count percentage of total count
                 A         B        C        D         E       F
            +---------+---------+-------+---------+---------+-------
      Total |      39 |       0 |   0.0 |      15 |       0 |   0.0
            +---------+---------+-------+---------+---------+-------
        D:1 |      37 |       0 |   0.0 |      14 |       0 |   0.0
        D:2 |       2 |       0 |   0.0 |       1 |       0 |   0.0
            +---------+---------+-------+---------+---------+-------
